 Dungeon Crawl Stone Soup version 0.22.1-2-g9c5b331383 (webtiles) character file.

172 Ihlosi the Ducker (level 5, -2/40 HPs)
             Began as a Human Gladiator on Nov 20, 2018.
             Slain by an orc warrior
             ... wielding a +0 trident of flaming
              (19 damage)
             ... on level 3 of the Dungeon.
             The game lasted 00:04:21 (2175 turns).

Ihlosi the Ducker (Human Gladiator)                 Turns: 2175, Time: 00:04:22

Health: -2/40      AC:  4    Str: 14    XL:     5   Next: 82%
Magic:  5/5        EV: 13    Int:  9    God:
Gold:   98         SH:  0    Dex: 15    Spells: 4/4 levels left

rFire    . . .     SeeInvis .   g - +1 dagger (venom)
rCold    . . .     Gourm    .   (no shield)
rNeg     . . .     Faith    .   b - +0 leather armour
rPois    .         Spirit   .   c - +0 helmet
rElec    .         Reflect  .   (no cloak)
rCorr    .         Harm     .   (no gloves)
MR       .....                  (no boots)
Stlth    ++........             k - amulet of the acrobat
HPRegen  0.13/turn              (no ring)
MPRegen  0.09/turn              (no ring)

@: no status effects
A: no striking features
a: no special abilities


You were on level 3 of the Dungeon.
You were not hungry.

You visited 1 branch of the dungeon, and saw 3 of its levels.

You collected 98 gold pieces.

Inventory:

Hand Weapons
 a - a +0 long sword
 g - a +1 dagger of venom (weapon)
Missiles
 d - 3 throwing nets (quivered)
Armour
 b - a +0 leather armour (worn)
 c - a +0 helmet (worn)
Jewellery
 k - an amulet of the acrobat (around neck)
Wands
 o - a wand of flame (30)
Scrolls
 e - 2 scrolls of blinking
 l - 2 scrolls of remove curse
 m - a scroll of fog
 n - a scroll of enchant weapon {unknown}
Potions
 h - a potion of haste {unknown}
 i - 3 potions of curing
 j - 2 potions of heal wounds {unknown}
 p - 2 potions of degeneration {unknown}
Comestibles
 f - 4 rations


   Skills:
 * Level 2.9 Fighting
 + Level 3.6 Long Blades
 - Level 2.0 Throwing
 * Level 2.6 Armour
 + Level 3.9 Dodging
 - Level 1.0 Stealth
 * Level 0.9 Evocations


You had 4 spell levels left.
You didn't know any spells.
Your spell library was empty.

Dungeon Overview and Level Annotations

Branches:
Dungeon (3/15)

Altars:
Vehumet


Message History

Things that are here:
a flail of protection; a flail; a leather armour You hit the orc warrior.
The orc warrior is lightly wounded.
The orc warrior hits you with a trident of flaming.
The orc warrior burns you.
You barely miss the orc warrior.
The orc warrior is lightly wounded.
You hit the orc warrior but do no damage.
The orc warrior is poisoned.
The orc warrior is lightly wounded.
The orc warrior hits you with a trident of flaming.
The orc warrior burns you.
You closely miss the orc warrior.
The orc warrior is lightly wounded.
The orc warrior closely misses you.
You barely miss the orc warrior.
The orc warrior is lightly wounded.
The orc warrior hits you with a trident of flaming!!
You die...

##...o>.#
.......
..$.. ...
#.# #.#
#o# #o#
#@# #.#
###.#
#...#
#.### #.#
#.# #.#
#.#


You could see an orc warrior and an orc.

Vanquished Creatures
  An orc priest (D:3)
  8 adders
  An ooze (D:3)
  2 worms
  4 dart slugs
  2 leopard geckos (D:3)
  4 orcs (D:3)
  A ball python (D:3)
  2 giant cockroaches
  5 hobgoblins
  4 jackals (D:1)
  4 kobolds
  A quokka (D:2)
  4 bats
  2 goblins
  7 rats
52 creatures vanquished.

Notes
Turn   | Place    | Note
-------+----------+-------------------------------------------
     0 | D:1      | Ihlosi the Human Gladiator began the quest for the Orb.
     0 | D:1      | Reached XP level 1. HP: 16/16 MP: 1/1
    42 | D:1      | Reached XP level 2. HP: 9/22 MP: 2/2
   500 | D:1      | Reached XP level 3. HP: 27/27 MP: 3/3
   653 | D:2      | Reached skill level 1 in Stealth
   762 | D:2      | Reached skill level 1 in Armour
   762 | D:2      | Reached XP level 4. HP: 27/34 MP: 4/4
  1099 | D:2      | Found a radiant altar of Vehumet.
  1530 | D:3      | Reached XP level 5. HP: 10/39 MP: 5/5
  1594 | D:3      | Noticed an orc warrior
  2175 | D:3      | Slain by an orc warrior

Skill      XL: |  1  2  3  4 |
---------------+-------------+-----
Stealth        | 1 |  1.0
Armour         | 1 2 |  2.6
Fighting       | |  2.9
Long Blades    | |  3.6
Throwing       | |  2.0
Dodging        | |  3.9
Evocations     | |  0.9

Action                   |  1- 3 |  4- 6 || total
-------------------------+-------+-------++-------
Melee: Dagger            |    61 |   103 ||   164
       Long sword        |     4 |       ||     4
  Use: Scroll            |       |     5 ||     5
       Potion            |       |     1 ||     1
 Stab: Sleeping          |     4 |       ||     4
  Eat: Chunk             |       |     4 ||     4
Armor: Leather armour    |    15 |    14 ||    29
Dodge: Dodged            |    54 |    58 ||   112
       Rpst.: Long sword |     1 |       ||     1
